 Dungeon Crawl Stone Soup version 0.29.1-2-gbd0b4ee654 (webtiles) character file.

Game seed: 10498158987798953095

3985 lokiplouj the Cleaver (level 10, -5/61 HPs)
             Began as a Minotaur Berserker on Nov 18, 2022.
             Was a Priest of Trog.
             Collided with a stone wall (11 damage)
             ... caused by a wretched star
             ... while paralysed
             ... on level 1 of the Abyss.
             The game lasted 00:11:27 (6542 turns).

lokiplouj the Cleaver (Minotaur Berserker)          Turns: 6542, Time: 00:11:28

Health: -5/61      AC: 15    Str: 33      XL:     10   Next: 3%
Magic:  9/9        EV:  2    Int: -1 (0)  God:    Trog [***...]
Gold:   277        SH:  0    Dex:  8 (9)  Spells: 9/9 levels left

rFire   . . .      SeeInvis .   z - +2 flail (protect)
rCold   . . .      Faith    .   (no shield)
rNeg    . . .      Spirit   .   x - +2 steam dragon scales
rPois   .          Reflect  +   (helmet restricted)
rElec   .          Harm     .   (no cloak)
rCorr   .          Rampage  .   (no gloves)
Will    .....                   (no boots)
Stlth   ++........              l - amulet of reflection
HPRegen 0.20/turn               j - +6 ring of strength
MPRegen 0.11/turn               (no ring)

@: paralysed, under a protective aura, on berserk cooldown, slowed, lost
intelligence, unable to read
A: horns 2, retaliatory headbutt, [deterioration 2], [dopey 2], [frail 3],
[screaming 2], ([teleportitis 2])
a: Renounce Religion, Berserk, Trog's Hand


You were on level 1 of the Abyss.
You worshipped Trog.
Trog was most pleased with you.
You visited 1 branch of the dungeon, and saw 7 of its levels.
You visited the Abyss 1 time.

You collected 277 gold pieces.

Inventory:

Hand Weapons
 a - a +0 hand axe
 d - a +2 dire flail
 s - a +2 flail of holy wrath
 w - a +2 long sword of draining
 z - a +2 flail of protection (weapon)
Armour
 b - a +0 animal skin
 h - a +0 ring mail
 x - +2 steam dragon scales (worn)
Jewellery
 j - a +6 ring of strength (left hand)
 l - an amulet of reflection (around neck)
Wands
 u - a wand of quicksilver (5)
 v - a wand of flame (55) (quivered)
Scrolls
 i - 3 scrolls of enchant weapon
 n - a scroll of immolation
 o - 2 scrolls of summoning {unknown}
 p - 2 scrolls of brand weapon
 q - a scroll of vulnerability {unknown}
 t - 2 scrolls of teleportation
Potions
 c - a potion of degeneration {unknown}
 e - a potion of ambrosia {unknown}
 f - 2 potions of flight {unknown}
 g - a potion of invisibility {unknown}
 k - 2 potions of attraction {unknown}
 m - 2 potions of haste
 r - a potion of cancellation {unknown}


   Skills:
 + Level 8.2 Fighting
 + Level 9.1(10.4) Axes
 + Level 7.8(9.8) Maces & Flails
 + Level 7.1 Armour
 + Level 6.1 Dodging
 + Level 2.0 Stealth
 + Level 3.5 Shields
 + Level 1.4 Evocations


You had 9 spell levels left.
You didn't know any spells.
Your spell library was empty.

Dungeon Overview and Level Annotations

Branches:
Dungeon (7/15)             Temple (0/1) D:7

Altars:
Ashenzari
Cheibriados
Elyvilon
Uskayaw
Wu Jian


Innate Abilities, Weirdness & Mutations

You have a pair of horns on your head.
You reflexively headbutt those who attack you in melee.
[Your body often deteriorates upon taking damage.]
[You are very dopey. (Int -4)]
[You are extremely frail. (-30% HP)]
[You frequently scream uncontrollably at your foes.]
[((You are often teleported next to monsters.))]


Message History

You closely miss the wretched star. Your headbutt misses the wretched star.
The wretched star is moderately damaged.
The wretched star pulses with an eldritch light!
You feel weirdly uncertain.
You feel even more weirdly uncertain.
The wretched star glows turbulently.
The lance of force hits you but does no damage.
You hit the wretched star but do no damage.
Your headbutt misses the wretched star.
The wretched star is moderately damaged.
The wretched star glows turbulently.
The lance of force misses you.
You hit the wretched star. You headbutt the wretched star!
The wretched star is heavily damaged.
The wretched star glows turbulently.
The lance of force hits you!
You are knocked back by the lance of force.
You slam into the stone wall!
Your body deteriorates!
You feel clumsy.
The wretched star pulses with an eldritch light!
You feel the urge to shout.
You feel a strong urge to scream.
You sock the wretched star! You headbutt the wretched star!
The wretched star is severely damaged.
Your skin stops crawling.
You feel less strong-willed.
You hit the wretched star.
The wretched star is almost destroyed.
The wretched star pulses with an eldritch light!
You feel stupid. x2
You have lost your intelligence.
The wretched star glows turbulently.
The lance of force hits you!!
* * * LOW HITPOINT WARNING * * *
Your body deteriorates!
You feel dopey.
You are knocked back by the lance of force.
You slam into the stone wall!
The wretched star glows turbulently.
The lance of force hits you!
* * * LOW HITPOINT WARNING * * *
You are knocked back by the lance of force.
You slam into the stone wall!
You die...

## ## # .#
###.##### . #
...####.#....# .
.. #...#@..###..#
. #. ..#.......#
. ..# ..
#...#..##*#.#..#
..#...#..
##....###
#......# ##...#..
#
####......#..#.#
# . ## ##ยง.#. .#
#.#..#
.##.#....#....#.#
# .#.#.## .. # ..


You could see a wretched star.

Vanquished Creatures
  The ghost of Algorand the Ducker, a novice DjAM (D:4)
  A kobold demonologist (D:7)
  Maggie (D:6)
  A large abomination (Abyss:1)
  The ghost of warborn304 the Chopper, an amateur MiBe of Trog (D:4)
  A raiju (Abyss:1)
  Grinder (D:4)
  A steam dragon (D:7)
  Edmund (D:5)
  A water moccasin (D:5)
  2 black bears
  A sky beast (D:6)
  3 centaurs
  An ogre (D:7)
  The ghost of whiskeysaurus the Insei, an amateur OpTm (D:4)
  2 kobold brigands (D:7)
  2 phantoms
  A bullfrog (D:6)
  2 scorpions
  7 wights (D:7)
  2 hounds
  A jelly (D:6)
  An iron imp (D:3)
  4 iguanas
  2 orc wizards
  3 gnolls (D:7)
  10 adders
  A white imp (Abyss:1)
  2 ufetubi (D:6)
  A worm (D:3)
  A dart slug (D:5)
  9 orcs
  7 ball pythons
  6 endoplasms
  A giant cockroach (D:4)
  6 goblins
  8 hobgoblins
  3 quokkas
  3 bats
  9 frilled lizards
  10 kobolds
  4 rats
126 creatures vanquished.

Vanquished Creatures (others)
  A kobold (D:7)
  14 plants (D:4)
15 creatures vanquished.

Grand Total: 141 creatures vanquished

Notes
Turn   | Place    | Note
-------+----------+-------------------------------------------
     0 | D:1      | lokiplouj the Minotaur Berserker began the quest for the
                  | Orb.
     0 | D:1      | Reached XP level 1. HP: 19/19 MP: 0/0
   385 | D:1      | Reached XP level 2. HP: 27/27 MP: 1/1
   888 | D:2      | Reached skill level 4 in Axes
   889 | D:2      | Reached ** piety under Trog
   966 | D:2      | You fall into a shaft and drop 1 floor!
  1044 | D:3      | Reached XP level 3. HP: 28/33 MP: 2/2
  1200 | D:3      | Found a snail-covered altar of Cheibriados.
  1471 | D:3      | Reached XP level 4. HP: 37/41 MP: 3/3
  1554 | D:3      | Reached skill level 5 in Axes
  2169 | D:4      | Reached XP level 5. HP: 47/47 MP: 4/4
  2274 | D:4      | Found a runed translucent gate.
  2275 | D:4      | Found a runed translucent gate.
  2275 | D:4      | Found a runed translucent gate.
  2317 | D:4      | Noticed whiskeysaurus's ghost (amateur OpTm)
  2317 | D:4      | Noticed Algorand's ghost (novice DjAM)
  2317 | D:4      | Noticed warborn304's ghost (amateur MiBe)
  2360 | D:4      | Noticed Grinder
  2372 | D:4      | Killed Grinder
  2373 | D:4      | Reached skill level 5 in Fighting
  2373 | D:4      | Reached skill level 6 in Axes
  2373 | D:4      | Reached XP level 6. HP: 46/56 MP: 5/5
  2644 | D:4      | Killed warborn304's ghost
  2645 | D:4      | Reached skill level 7 in Axes
  2645 | D:4      | Reached skill level 1 in Shields
  2645 | D:4      | Reached XP level 7. HP: 61/61 MP: 6/6
  2645 | D:4      | Killed whiskeysaurus's ghost
  2649 | D:4      | Killed Algorand's ghost
  2650 | D:4      | Reached skill level 5 in Armour
  2650 | D:4      | Reached skill level 1 in Stealth
  2747 | D:5      | Entered Level 5 of the Dungeon
  2819 | D:5      | Noticed Edmund
  2836 | D:5      | Killed Edmund
  2837 | D:5      | Reached skill level 8 in Axes
  2837 | D:5      | Reached XP level 8. HP: 34/70 MP: 7/7
  3093 | D:5      | Found a broken altar of Ashenzari.
  3547 | D:5      | Reached *** piety under Trog
  3548 | D:5      | Reached skill level 1 in Maces & Flails
  3803 | D:6      | Found a white marble altar of Elyvilon.
  3861 | D:6      | Reached skill level 9 in Axes
  3982 | D:6      | Found a hide-covered altar of Uskayaw.
  4105 | D:6      | Noticed Maggie
  4118 | D:6      | Killed Maggie
  4359 | D:6      | Reached XP level 9. HP: 79/79 MP: 8/8
  4594 | D:6      | Reached skill level 1 in Evocations
  5237 | D:7      | Reached skill level 5 in Dodging
  5241 | D:7      | Reached skill level 5 in Maces & Flails
  5331 | D:7      | Found a staircase to the Ecumenical Temple.
  5696 | D:7      | Found an ornate altar of the Wu Jian Council.
  5898 | D:7      | Noticed a kobold demonologist
  5910 | D:7      | Noticed an ice devil
  6374 | D:7      | Noticed a hellwing
  6375 | D:7      | Noticed a hellwing
  6383 | D:7      | Killed a kobold demonologist
  6387 | Abyss:1  | Cast into level 1 of the Abyss (kobold brigand)
  6510 | Abyss:1  | Noticed a large abomination
  6516 | Abyss:1  | Killed a large abomination
  6517 | Abyss:1  | Reached XP level 10. HP: 70/88 MP: 9/9
  6526 | Abyss:1  | Noticed a wretched star
  6541 | Abyss:1  | Lost intelligence.
  6542 | Abyss:1  | Collided with a stone wall

Illustrated notes

Levels and vault maps discovered:
D:1:      reono_arrival_forest_river, layout_rooms
D:2:      layout_loops_ring, minmay_lizard_pond
D:3:      layout_loops_ring, slow_altar_2
D:4:      layout_rooms, serial_bayou, serial_bayou_pond_a, serial_bayou_pond_e,
          serial_bayou_ford_a, serial_bayou_pond_c, gammafunk_ghost_cemetery,
          uniq_grinder
D:5:      layout_loops_cross, mainiacjoe_overflow_small_starburst, uniq_edmund
D:6:      layout_rooms, mainiacjoe_overflow_24_doors, elyvilon_altar_1,
          minmay_fractal_squares_5, uniq_maggie
D:7:      layout_layer_cave, pdpol_wu_jian_five_deadly_venoms,
          minmay_temple_entry_glassed_door, nicolae_water_bricks,
          kennysheep_generic_room_11
Abyss:1:  base:
Temple

Skill      XL: |  1  2  3  4  5  6  7  8  9 |
---------------+----------------------------+-----
Fighting       | 4 5 6 7 8 |  8.2
Axes           | 4 5 6 7 8 9 |  9.1
Armour         | 3 4 5 6 7 |  7.1
Dodging        | 3 4 6 |  6.1
Shields        | 1 3 |  3.5
Stealth        | 1 2 |  2.0
Maces & Flails | 3 7 |  7.8
Evocations     | 1 |  1.4

Action                   |  1- 3 |  4- 6 |  7- 9 | 10-12 || total
-------------------------+-------+-------+-------+-------++-------
Melee: Hand axe          |    67 |    60 |    18 |       ||   145
       Headbutt          |    13 |    11 |    34 |     4 ||    62
       Punch             |       |       |     4 |       ||     4
       Flail             |       |       |   196 |     8 ||   204
Invok: Berserk           |       |     3 |     5 |       ||     8
       Trog's Hand       |       |       |     3 |     1 ||     4
Evoke: Wand              |       |       |     6 |       ||     6
  Use: Scroll            |       |       |    13 |       ||    13
 Stab: Sleeping          |       |       |     1 |       ||     1
Armor: Animal skin       |     1 |       |       |       ||     1
       Ring mail         |    19 |    17 |    23 |       ||    59
       Steam dragon scal |       |       |    68 |     2 ||    70
Dodge: Dodged            |    46 |    24 |   128 |     2 ||   200
Block: Other             |       |    10 |    48 |       ||    58
       Reflection        |       |       |     3 |       ||     3
